 Dungeon Crawl Stone Soup version 0.32-a0-673-g3729bd50f8 (webtiles) character file.

Game seed: 1490941120558703481

76308 shadizar the Earth Mage (level 15, -2/94 HPs)
             Began as a Gargoyle Earth Elementalist on Mar 10, 2024.
             Was a High Priest of Vehumet.
             Incinerated by a sun moth (10 damage)
             ... with a flurry of pyrophoric scales
             ... on level 3 of the Lair of Beasts.
             The game lasted 00:59:23 (23995 turns).

shadizar the Earth Mage (GrEE)                     Turns: 23995, Time: 00:59:24

Health: -2/94      AC: 30    Str: 17    XL:     15   Next: 53%
Magic:  19/29      EV: 17    Int: 24    God:    Vehumet [*****.]
Gold:   1664       SH: 11    Dex: 14    Spells: 21/34 levels left

rFire   . . .        q - +10 dagger "Obeury Uqoly" {heavy, *Noise ^Fragile Will++ Dex+4}
rCold   . . .        C - +0 kite shield
rNeg    + . .        P - +5 ring mail "Lekempu" {rPois Will+ rCorr Stlth-}
rPois   ∞            a - +2 hat
rElec   +            n - +1 cloak
rCorr   +            e - +1 pair of gloves
SInv    .            x - +0 pair of boots
Will    ++++.        t - amulet of magic regeneration Stlth
                     c - +6 ring of strength
HPRegen 0.35/turn    j - +5 ring of evasion
MPRegen 0.61/turn

%: no passive effects
@: on fire, flying, glowing
A: sickness immunity, AC +11, big wings, negative energy resistance 1,
electricity resistance, torment resistance 1, petrification resistance
a: Renounce Religion


You were on level 3 of the Lair of Beasts.
You worshipped Vehumet.
Vehumet was extremely pleased with you.
You visited 5 branches of the dungeon, and saw 21 of its levels.

You collected 2240 gold pieces.
You spent 576 gold pieces at shops.

Inventory:

Hand Weapons
 q - the +10 dagger "Obeury Uqoly" (weapon) {heavy, *Noise ^Fragile Will++ Dex+4}
   (You found it on level 3 of the Dungeon)

   Dex+4:     It affects your dexterity (+4).
   Will++:    It greatly increases your willpower.
   *Noise:    It may make a loud noise when swung.
   ^Fragile:  It will be destroyed if unequipped.
 v - the +8 short sword "Toirr" {flame, rPois rC- rCorr Dex+3}
   (You found it on level 4 of the Dungeon)

   Dex+3:     It affects your dexterity (+3).
   rC-:       It makes you vulnerable to cold.
   rPois:     It protects you from poison.
   rCorr:     It protects you from acid and corrosion.
Missiles
 s - 17 javelins
Armour
 a - a +2 hat (worn)
 e - a +1 pair of gloves (worn)
 n - a +1 cloak (worn)
 x - a +0 pair of boots (worn)
 z - a +2 robe of positive energy
 C - a +0 kite shield (worn)
 F - a +3 leather armour
 P - the +5 ring mail "Lekempu" (worn) {rPois Will+ rCorr Stlth-}
   (You found it on level 5 of the Lair of Beasts)

   rPois:     It protects you from poison.
   Will+:     It increases your willpower.
   rCorr:     It protects you from acid and corrosion.
   Stlth-:    It makes you less stealthy.
Magical Staves
 r - a staff of cold
Jewellery
 c - a +6 ring of strength (left hand)
 g - a ring of fire
 j - a +5 ring of evasion (right hand)
 p - a ring of fire
 t - an amulet of magic regeneration (around neck)
 Q - an amulet of faith
Wands
 k - a wand of flame (33)
 w - a wand of light (17)
 O - a wand of paralysis (5)
Scrolls
 f - 2 scrolls of identify
 h - 7 scrolls of teleportation
 i - 3 scrolls of fog
 l - 6 scrolls of enchant weapon
 m - 4 scrolls of fear
 u - a scroll of revelation
 y - 2 scrolls of poison
 B - a scroll of amnesia
 H - 2 scrolls of blinking
 J - a scroll of summoning
Potions
 b - 5 potions of magic
 d - a potion of enlightenment
 o - a potion of brilliance
 A - a potion of cancellation
 D - 2 potions of resistance
 E - 2 potions of heal wounds
 G - 3 potions of curing
 I - a potion of invisibility
 M - a potion of ambrosia
Miscellaneous
 N - a box of beasts


   Skills:
 - Level 11.0 Fighting
 + Level 6.9 Armour
 - Level 6.3 Dodging
 - Level 2.1 Stealth
 - Level 9.0 Shields
 + Level 10.0 Spellcasting
 + Level 13.0 Conjurations
 + Level 8.7 Translocations
 + Level 15.3 Earth Magic


You had 21 spell levels left.
You knew the following spells:

 Your Spells              Type           Power      Damage    Failure   Level
a - Sandblast             Erth           100%       2d20      1%          1
b - Stone Arrow           Conj/Erth      100%       3d13      1%          3
c - Iskenderun's Mystic   Conj/Tloc      59%        2d12      1%          4
d - Lee's Rapid Deconstr  Erth           36%        3d18*     1%          5

Your spell library contained the following spells:

 Spells                   Type           Power      Damage    Failure   Level
 Magic Dart               Conj           100%       1d8       1%          1
 Lesser Beckoning         Tloc           100%       N/A       1%          2
 Searing Ray              Conj           100%       2d8       1%          2
 Static Discharge         Conj/Air       86%        3-7/arc   1%          2
 Gell's Gravitas          Tloc           53%        N/A       1%          3
 Passwall                 Erth           72%        N/A       1%          3
 Teleport Other           Tloc           53%        N/A       1%          3
 Brom's Barrelling Bould  Conj/Erth      69%        2d8       1%          4
 Iskenderun's Battlesphe  Conj           65%        2d11      1%          5
 Volatile Blastmotes      Fire/Tloc      66%        2d15      2%          3
 Fulminant Prism          Conj/Alch      21%        3d12      3%          4
 Petrify                  Alch/Erth      48%        N/A       9%          4
 Fireball                 Conj/Fire      21%        3d10      11%         5
 Orb of Destruction       Conj           32%        9d10      21%         7
 Airstrike                Air            6%         2d(1-17)  41%         4
 Conjure Ball Lightning   Conj/Air       21%        3x3d6     45%         6
 Summon Ice Beast         Ice/Summ       12%        N/A       50%         3
 Summon Forest            Summ/Tloc      16%        N/A       65%         5
 Summon Lightning Spire   Summ/Air       12%        N/A       88%         4
 Summon Mana Viper        Hex/Summ       12%        N/A       99%         5
 Eringya's Noxious Bog    Alch           6%         4d6       99%         6
 Summon Cactus Giant      Summ           6%         N/A       100%        6
 Monstrous Menagerie      Summ           6%         N/A       100%        7
 Summon Hydra             Summ           6%         N/A       100%        7


Dungeon Overview and Level Annotations

Branches:
Dungeon (12/15)            Temple (1/1) D:7            Lair (5/5) D:9
 Shoals (0/4) Lair:3       Spider (1/4) Lair:3        Slime (0/5) Lair:5
    Orc (2/2) D:9             Elf (0/3) Orc:2

Altars:
Ashenzari
Cheibriados
Dithmenos
Elyvilon
Fedhas
Gozag
Hepliaklqana
Kikubaaqudgha
Makhleb
Nemelex Xobeh
Okawaru
Qazlal
Ru
Sif Muna
Trog
Uskayaw
Vehumet
Wu Jian
Xom
Yredelemnul
Zin
The Shining One
Beogh
Jiyva

Shops:
D:3 !   Orc:1 =   Orc:2 ([**(

Annotations:
Lair:1 1 runed translucent door
Lair:3 2 transporters


Innate Abilities, Weirdness & Mutations

You are immune to sickness and miasma.
Your stone body is resilient. (AC +11)
You are immune to poison.
Your large and strong wings let you fly.
You resist negative energy. (rN+)
You are resistant to electric shocks. (rElec)
You are resistant to unholy torment.
You are immune to petrification.


Message History

You erupt in a blast of force!
The mystic blast hits the jumping spider.
The jumping spider is moderately wounded.
The jumping spider is knocked back by the mystic blast.
The liquid fire burns you!
The sun moth's wings beat fiercely.
The flurry of pyrophoric scales hits you.
You are even more covered in intense liquid fire!
Unknown command.
Unknown command.
Unknown command.
Unknown command.
Unknown command.
Unknown command.
The liquid fire burns you!
* * * LOW HITPOINT WARNING * * *
The sun moth's wings beat fiercely.
The flurry of pyrophoric scales hits you.
You are even more covered in intense liquid fire!
You shake off some of the fire as you move.
You fly upwards.
Welcome back to the Lair of Beasts!
Level annotation: 2 transporters The liquid fire burns you!
* * * LOW HITPOINT WARNING * * *
There is a hole to the Spider Nest here.
Unknown command.
Unknown command.
You feel better. The liquid fire burns you!
* * * LOW HITPOINT WARNING * * *
You feel much better. The liquid fire burns you!
* * * LOW HITPOINT WARNING * * *
Unknown command.
You shake off some of the fire as you move.
The liquid fire burns you!
* * * LOW HITPOINT WARNING * * *
You shake off some of the fire as you move.
The liquid fire burns you!
You die...

.....©.................##
.................##.....##
..............##^..##.#..#
..............^#.^##^.^.##
..............#.#.##..#^.#
.............#^#^^..^.#^.#
(............#^..#>#^....#
.............^##..#.^..###
.#.##.##..#..##.@#.##..#
############.##.^^.#^.^#
##....#^^.#..#
#....#^^#^####
###.#.####.# ##### ###


There were no monsters in sight!

Vanquished Creatures
  Nessos (Lair:4)
  An entropy weaver (Spider:1)
  A catoblepas (Lair:5)
  7 hydras
  7 boulder beetles
  4 two-headed ogres
  2 death yaks
  A hell hog (Lair:5)
  4 orc high priests
  Urug (Orc:2)
  3 skysharks
  7 orc knights
  4 orc sorcerers
  2 manticores
  2 cyclopes (D:12)
  4 black mambas
  A merfolk siren (Lair:3)
  Joseph (D:8)
  2 torpor snails (Lair:3)
  A kobold blastminer (Orc:2)
  A gargoyle (D:12)
  11 cane toads
  2 unseen horrors
  6 rime drakes
  5 komodo dragons
  A freezing wraith (D:12)
  11 polar bears
  6 trolls
  2 tarantellas (Spider:1)
  A hornet (D:9)
  4 dream sheep (Lair:3)
  2 raiju (Lair:5)
  7 slime creatures
  31 blink frogs
  3 jumping spiders
  2 shadows
  3 culicivoras
  Sigmund (D:2)
  A vampire (D:11)
  4 wraiths
  62 yaks
  Eustachio (D:6)
  13 basilisks
  10 wyverns
  A steam dragon (D:9)
  A human (Lair:1)
  6 redbacks
  4 vampire mosquitoes
  8 wargs
  An acid dragon (D:7)
  7 water moccasins
  13 hell hounds (Lair:5)
  22 orc warriors
  16 black bears
  4 centaurs
  6 ogres
  20 wolves
  13 bullfrogs
  4 kobold brigands
  2 gnoll sergeants (D:7)
  11 wights
  3 killer bees (D:9)
  4 electric eels
  3 bombardier beetles
  7 hounds
  4 jellies
  A gnoll bouda (D:7)
  17 orc priests
  4 iguanas
  A sleepcap (D:6)
  16 orc wizards
  13 hell rats
  38 gnolls
  11 adders
  2 river rats (D:9)
  A white imp (D:5)
  3 dart slugs
  3 ribbon worms
  75 orcs
  6 endoplasms
  3 giant cockroaches
  7 goblins
  9 hobgoblins
  19 jackals
  13 kobolds
  4 quokkas
  5 ball pythons
  2 bats
  6 frilled lizards
  12 rats
  A butterfly (Lair:3)
678 creatures vanquished.

Vanquished Creatures (others)
  A jelly (Lair:5)
1 creature vanquished.

Grand Total: 679 creatures vanquished

Notes
Turn   | Place    | Note
-------+----------+-------------------------------------------
     0 | D:1      | shadizar the Gargoyle Earth Elementalist began the quest
                  | for the Orb.
     0 | D:1      | Reached XP level 1. HP: 10/10 MP: 3/3
   107 | D:1      | Reached skill level 4 in Earth Magic
   134 | D:1      | Reached XP level 2. HP: 15/15 MP: 0/5
   300 | D:1      | Found a faded altar of an unknown god.
   576 | D:1      | Reached XP level 3. HP: 16/19 MP: 0/6
   583 | D:1      | Reached skill level 5 in Earth Magic
  1130 | D:2      | Reached XP level 4. HP: 24/24 MP: 4/7
  1221 | D:2      | Noticed Sigmund
  1233 | D:2      | Learned a level 3 spell: Stone Arrow
  1243 | D:2      | Killed Sigmund
  1244 | D:2      | Reached skill level 7 in Earth Magic
  1244 | D:2      | Reached XP level 5. HP: 23/28 MP: 1/8
  1657 | D:2      | Reached XP level 6. HP: 32/32 MP: 6/9
  2052 | D:3      | Found Jadwet's Distillery.
  2083 | D:3      | Reached skill level 8 in Earth Magic
  2087 | D:3      | Identified the +10 dagger "Obeury Uqoly" {heavy, *Noise
                  | ^Fragile Will++ Dex+4}
  2332 | D:3      | You fall into a shaft and drop 1 floor!
  2478 | D:3      | Reached skill level 1 in Fighting
  3673 | D:4      | Reached XP level 7. HP: 40/40 MP: 6/11
  3816 | D:4      | Identified the +8 short sword "Toirr" {flame, rPois rC-
                  | rCorr Dex+3}
  4904 | D:4      | Reached XP level 8. HP: 48/48 MP: 5/12
  5113 | D:5      | Entered Level 5 of the Dungeon
  5117 | D:5      | Reached skill level 5 in Fighting
  6063 | D:5      | Reached skill level 1 in Armour
  6615 | D:6      | Noticed Eustachio
  6627 | D:6      | Killed Eustachio
  6733 | D:6      | Reached XP level 9. HP: 55/57 MP: 8/13
  7561 | D:7      | Reached skill level 5 in Conjurations
  7561 | D:7      | Reached skill level 9 in Earth Magic
  7908 | D:7      | Found a staircase to the Ecumenical Temple.
  7945 | Temple   | Entered the Ecumenical Temple
  8035 | Temple   | Became a worshipper of Vehumet
  8788 | D:8      | Noticed Joseph
  8793 | D:8      | Killed Joseph
  9101 | D:8      | Reached skill level 10 in Earth Magic
  9106 | D:8      | Reached XP level 10. HP: 49/64 MP: 0/14
  9544 | D:8      | Reached * piety under Vehumet
  9544 | D:8      | Offered knowledge of Shock by Vehumet.
  9744 | D:9      | Noticed a death yak
  9745 | D:9      | Noticed a death yak
 10040 | D:9      | Found a staircase to the Orcish Mines.
 10261 | D:9      | Reached skill level 11 in Earth Magic
 10341 | D:9      | Found a staircase to the Lair.
 10511 | D:9      | Reached ** piety under Vehumet
 10517 | D:9      | Offered knowledge of Mercury Vapours by Vehumet.
 10677 | D:8      | Killed a death yak
 10728 | D:8      | Reached skill level 5 in Dodging
 10728 | D:8      | Reached XP level 11. HP: 31/71 MP: 11/15
 11004 | D:10     | Entered Level 10 of the Dungeon
 11178 | D:10     | Noticed a two-headed ogre
 11183 | D:10     | Killed a two-headed ogre
 11184 | D:10     | Reached skill level 12 in Earth Magic
 11252 | D:10     | Offered knowledge of Frozen Ramparts by Vehumet.
 11620 | D:10     | Reached *** piety under Vehumet
 11781 | D:10     | Found an opulent altar of Gozag.
 11790 | D:10     | Found a sacrificial altar of Ru.
 11831 | Lair:1   | Entered Level 1 of the Lair of Beasts
 11862 | D:9      | Reached skill level 1 in Shields
 12045 | D:9      | Killed a death yak
 12046 | D:9      | Reached skill level 10 in Conjurations
 12559 | Lair:1   | Offered knowledge of Iskenderun's Mystic Blast by Vehumet.
 12567 | Lair:1   | Reached skill level 5 in Spellcasting
 12645 | Lair:1   | Reached skill level 5 in Shields
 12692 | Lair:1   | Reached XP level 12. HP: 55/76 MP: 15/20
 13093 | Lair:1   | Reached **** piety under Vehumet
 13358 | Lair:1   | Found a runed translucent door.
 13390 | Lair:1   | Noticed a reaper
 13801 | Lair:1   | Learned a level 4 spell: Iskenderun's Mystic Blast
 13854 | Lair:2   | Identified the +0 scale mail of Zoadd {rElec rN+}
 13929 | Lair:2   | Offered knowledge of Freezing Cloud by Vehumet.
 13930 | Lair:2   | Reached skill level 1 in Translocations
 14075 | Lair:2   | Noticed a seven-headed hydra
 14084 | Lair:2   | Killed a seven-headed hydra
 14084 | Lair:2   | Noticed a skyshark
 14113 | Lair:2   | Killed a skyshark
 14329 | Lair:2   | Noticed a seven-headed hydra
 14345 | Lair:2   | Killed a seven-headed hydra
 14389 | Lair:2   | Reached skill level 5 in Translocations
 14817 | Lair:2   | Noticed an eight-headed hydra
 14823 | Lair:2   | Killed an eight-headed hydra
 15028 | Lair:3   | Noticed a four-headed hydra
 15035 | Lair:3   | Killed a four-headed hydra
 15036 | Lair:3   | Reached XP level 13. HP: 68/80 MP: 16/23
 15585 | Lair:3   | Reached ***** piety under Vehumet
 15585 | Lair:3   | Offered knowledge of Starburst by Vehumet.
 15609 | Lair:3   | Found a hole to the Spider Nest.
 15637 | Lair:3   | Found a transporter.
 15690 | Lair:3   | Found a transporter.
 16033 | Lair:3   | Found a staircase to the Shoals.
 16151 | Lair:4   | Reached skill level 10 in Fighting
 16640 | Lair:4   | Noticed Nessos
 16822 | Lair:4   | Killed Nessos
 17215 | Lair:5   | Entered Level 5 of the Lair of Beasts
 17461 | Lair:5   | Found a staircase to the Slime Pits.
 17462 | Lair:5   | Found a viscous altar of Jiyva.
 17511 | Lair:4   | Reached skill level 13 in Earth Magic
 17887 | Lair:5   | Found a radiant altar of Vehumet.
 17893 | Lair:5   | Gained mutation: Your large and strong wings let you fly.
                  | [Gargoyle growth]
 17893 | Lair:5   | Reached XP level 14. HP: 88/88 MP: 26/26
 18003 | Lair:5   | Offered knowledge of Spellforged Servitor by Vehumet.
 18013 | Lair:5   | Reached skill level 14 in Earth Magic
 18868 | Lair:5   | Reached skill level 10 in Spellcasting
 18970 | Lair:5   | Identified the +5 ring mail "Lekempu" {rPois Will+ rCorr
                  | Stlth-}
 18970 | Lair:5   | Identified the maw talisman of the Comet {rPois Dex+3}
 19287 | Lair:5   | Offered knowledge of Arcjolt by Vehumet.
 19678 | D:11     | Reached skill level 15 in Earth Magic
 20010 | D:11     | Reached skill level 5 in Armour
 20553 | Orc:1    | Entered Level 1 of the Orcish Mines
 20850 | Orc:1    | Found a roughly hewn altar of Beogh.
 20932 | Orc:1    | Found Yzeuts's Jewellery Shop.
 20936 | Orc:1    | Bought a +5 ring of evasion for 576 gold pieces
 21022 | Orc:2    | Entered Level 2 of the Orcish Mines
 21245 | Orc:2    | Found Nikydiof's Antique Weapon Shop.
 21322 | Orc:2    | Noticed Urug
 21329 | Orc:2    | Killed Urug
 21355 | Orc:2    | Found a staircase to the Elven Halls.
 21369 | Orc:2    | Reached XP level 15. HP: 93/93 MP: 27/29
 21431 | Orc:2    | Offered knowledge of Lee's Rapid Deconstruction by Vehumet.
 22093 | Orc:2    | Found Olitich's Armour Boutique.
 22093 | Orc:2    | Found Noanuiza's Antique Weapon Emporium.
 22099 | Orc:2    | Found Vuanic's Assorted Antiques.
 22099 | Orc:2    | Found Ittag's Assorted Antiques.
 22295 | Orc:1    | Found a roughly hewn altar of Beogh.
 22529 | Orc:2    | Learned a level 5 spell: Lee's Rapid Deconstruction
 23727 | Spider:1 | Entered Level 1 of the Spider Nest
 23991 | Lair:3   | HP: 1/94 [burnt (17)]
 23995 | Lair:3   | Incinerated by a sun moth

Illustrated notes

Levels and vault maps discovered:
D:1:      spicycebolla_arrival_clurvy, layout_basic,
          hellmonk_ecumenical_altar_run_dry
D:2:      layout_basic, uniq_sigmund
D:3:      kennysheep_big_flooded_room, layout_loops_corners, serial_shops,
          nicolae_diamond_shop
D:4:      lemuel_castle_with_subvaults [lemuel_castle_interior_original],
          layout_gridville
D:5:      layout_basic, minmay_misc_feat_enclosed, lexackson_kobold_supper
D:6:      layout_layer_cave, uniq_eustachio
D:7:      layout_gridville, minmay_temple_entry_slanted
D:8:      layout_loops_ring, nicolae_zen_rock_garden, uniq_joseph
D:9:      layout_rooms, dpeg_lair_monsters, orc_0_dummy,
          nicolae_straight_to_the_point
D:10:     layout_big_octagon, mainiacjoe_overflow_swirl
D:11:     layout_gridville
D:12:     kennysheep_room_grid, layout_loops_cross
Temple:   mainiacjoe_temple_big_plus
Lair:1:   layout_gridlike, gauntlet_entry_generic, enter_volcano_2,
          pdpol_lair_cabin_in_the_woods, lemuel_fruit_fields, grunt_megastairs_4
Lair:2:   layout_regular_city, serial_bayou_lagoon_b
Lair:3:   gammafunk_worm_tunnel, layout_regular_city,
          mainiacjoe_shoals_entry_four_pools, spider_nest_entry_rubble,
          lemuel_fruit_fields
Lair:4:   layout_regular_city, serial_bayou_shore_b, lemuel_fruit_fields,
          lemuel_fruit_tree, grunt_megastairs_3, uniq_nessos
Lair:5:   hangedman_lair_caniforms_friends, layout_long_grid,
          minmay_slime_entry_pillars, special_room [special_room_mythical_zoo],
          basic_altar
Spider:1: layout_spider_delve, guppyfry_spider_mini_2
Orc:1:    layout_caves, serial_shops, nicolae_shop_gaudy_bauble, special_room
          [special_room_orc], basic_altar
Orc:2:    grunt_orc_tribal_feast, layout_caves, serial_shops,
          nicolae_shop_real_fake_doors, uniq_urug

Skill      XL: |  1  2  3  4  5  6  7  8  9 10 11 12 13 14 15 |
---------------+----------------------------------------------+-----
Earth Magic    | 4 5 7 8 10 11 12 13 15 | 15.3
Fighting       | 2 4 7 9 10 11 | 11.0
Conjurations   | 2 4 6 8 10 12 13 | 13.0
Spellcasting   | 3 5 7 8 10 | 10.0
Armour         | 2 4 5 6 |  6.9
Dodging        | 2 3 5 6 |  6.3
Shields        | 5 7 8 9 |  9.0
Translocations | 7 8 |  8.7
Stealth        | |  2.1

Action                     |  1- 3 |  4- 6 |  7- 9 | 10-12 | 13-15 || total
---------------------------+-------+-------+-------+-------+-------++-------
  Melee: Unarmed           |    39 |       |       |       |       ||    39
         Dagger            |       |       |     5 |    21 |    35 ||    61
   Cast: Sandblast         |    51 |    77 |   221 |   306 |   485 ||  1140
         Stone Arrow       |       |       |    19 |    83 |   171 ||   273
         Iskenderun's Myst |       |       |       |    14 |   167 ||   181
    Use: Scroll            |       |    10 |     5 |     8 |     5 ||    28
         Potion            |       |       |     3 |     5 |     2 ||    10
 Armour: Robe              |    36 |    22 |    23 |   109 |       ||   190
         Leather armour    |       |       |    82 |   168 |   282 ||   532
         Ring mail         |       |       |       |       |   237 ||   237
  Dodge: Dodged            |    46 |    34 |    97 |   202 |   275 ||   654
  Block: Kite shield       |       |       |       |   100 |   331 ||   431

Table legend: (Time is in decaauts)
 A = Elapsed time spent in this place.
 B = Non-inter-level travel time spent in this place.
 C = Inter-level travel time spent in this place.
 D = Time resting spent in this place.
 E = Time spent auto-exploring this place.
 F = Levels seen in this place.
 G = Mean time per level.
                   A        B        C        D        E       F      G
               +--------+--------+--------+--------+--------+-----+--------+
         Total |  24690 |  23995 |    695 |      0 |  18210 |  21 | 1175.7 |
       Dungeon |  14972 |  14541 |    431 |      0 |  11223 |  12 | 1247.7 |
        Temple |    128 |     96 |     32 |      0 |     54 |   1 |  128.0 |
          Lair |   7706 |   7492 |    214 |      0 |   5665 |   5 | 1541.2 |
   Spider Nest |     39 |     39 |      0 |      0 |      0 |   1 |   39.0 |
  Orcish Mines |   1842 |   1826 |     16 |      0 |   1268 |   2 |  921.0 |
               +--------+--------+--------+--------+--------+-----+--------+

Top non-repeatable levels by time:
  Lair:5: 2213 daAuts
     D:4: 2126 daAuts
     D:9: 1726 daAuts
     D:8: 1616 daAuts
  Lair:3: 1493 daAuts
     D:6: 1390 daAuts
  Lair:1: 1389 daAuts
  Lair:4: 1337 daAuts
  Lair:2: 1273 daAuts
     D:5: 1232 daAuts
   Orc:2: 1150 daAuts
     D:2: 1120 daAuts
     D:3: 1023 daAuts
    D:12: 990 daAuts
     D:7: 965 daAuts
